 Seeded DCSS version 0.29-a0-472-ge5599a681e (webtiles) character file.

Game seed: 6774861435536819975 (custom seed)

5652 bwicke the Covert (level 10, -4/56 HPs)
             Began as an Octopode Hedge Wizard on May 22, 2022.
             Was an Initiate of Gozag.
             Killed by divine providence
             ... invoked by an orc priest
              (14 damage)
             ... on level 9 of the Dungeon.
             The game lasted 00:43:21 (10638 turns).

bwicke the Covert (Octopode Hedge Wizard)          Turns: 10638, Time: 00:43:22

Health: -4/56      AC:  5    Str: 12    XL:     10   Next: 74%
Magic:  14/14      EV: 20    Int: 26    God:    Gozag
Gold:   831        SH:  4    Dex: 12    Spells: 7/15 levels left

rFire   + . .      SeeInvis .   p - +2 short sword (venom)
rCold   + . .      Faith    .   (no shield)
rNeg    + . .      Spirit   .   b - +0 hat
rPois   .          Reflect  .   (no amulet)
rElec   .          Harm     .   k - ring of protection from fire
rCorr   .          Rampage  .   v - +4 ring of protection
Will    .....                   w - ring of ice
Stlth   +++++.....              K - ring of positive energy
HPRegen 0.18/turn               Q - +4 ring of evasion
MPRegen 0.14/turn               W - +6 ring of intelligence
                                Z - ring of protection from fire
                                (no ring)

@: no status effects
A: almost no armour, amphibious, 8 rings, camouflage 1, gelatinous body 1,
(nimble swimmer 1), tentacles, large bone plates 1, strong 1
a: Renounce Religion, Potion Petition, Call Merchant, Bribe Branch


You were on level 9 of the Dungeon.
You worshipped Gozag.
Gozag was pleased with you.
You visited 2 branches of the dungeon, and saw 10 of its levels.
You also visited: Sewer and Ossuary.

You collected 979 gold pieces.
You spent 26 gold pieces at shops.
You paid 122 gold pieces to Gozag.

Inventory:

Hand Weapons
 p - a +2 short sword of venom (weapon)
 A - a +0 whip of freezing
 I - a +0 hunting sling
 M - a +1 falchion of freezing
 P - a +0 flail of holy wrath
 V - a +1 dagger of speed
Missiles
 d - 20 poisoned darts
 e - 4 atropa-tipped darts
 j - 3 throwing nets
 E - 6 boomerangs of dispersal
 O - a silver boomerang
Armour
 b - a +0 hat (worn)
Magical Staves
 X - a staff of poison
Jewellery
 k - a ring of protection from fire (left tentacle)
 v - a +4 ring of protection (right tentacle)
 w - a ring of ice (on tentacle)
 K - a ring of positive energy (on tentacle)
 Q - a +4 ring of evasion (on tentacle)
 W - a +6 ring of intelligence (on tentacle)
 Z - a ring of protection from fire (on tentacle)
Wands
 l - a wand of digging (5)
 y - a wand of mindburst (7)
 R - a wand of polymorph (10)
 U - a wand of flame (5)
Scrolls
 h - 4 scrolls of teleportation
 n - 3 scrolls of blinking
 q - 2 scrolls of fear
 r - 2 scrolls of torment {unknown}
 x - a scroll of poison {unknown}
 z - a scroll of summoning {unknown}
 B - a scroll of immolation {unknown}
 F - a scroll of brand weapon {unknown}
 J - 3 scrolls of fog {unknown}
 L - 3 scrolls of enchant weapon {unknown}
 N - a scroll of silence {unknown}
 T - 2 scrolls of magic mapping {unknown}
 Y - a scroll of noise {unknown}
Potions
 c - a potion of magic
 f - a potion of cancellation {unknown}
 g - 2 potions of heal wounds
 i - a potion of haste {unknown}
 m - 4 potions of curing
 o - 3 potions of lignification
 s - 2 potions of flight
 t - 3 potions of degeneration {unknown}
 D - 2 potions of invisibility
 G - 2 potions of mutation
 H - 3 potions of might
 S - 2 potions of brilliance {unknown}
Miscellaneous
 u - a piece from Xom's chessboard (15/15)


   Skills:
 - Level 8.0 Dodging
 - Level 10.0 Stealth
 - Level 3.1 Spellcasting
 - Level 6.5 Conjurations
 - Level 1.0 Summonings
 - Level 3.5 Translocations
 + Level 4.7 Transmutations
 - Level 3.0 Air Magic
 - Level 8.5 Poison Magic


You had 7 spell levels left.
You knew the following spells:

 Your Spells              Type           Power      Damage    Failure   Level
a - Magic Dart            Conj           100%       1d8       1%          1
b - Blink                 Tloc           44%        N/A       3%          2
c - Call Imp              Summ           9%         N/A       10%         2
d - Mephitic Cloud        Conj/Pois/Air  35%        N/A       2%          3

Your spell library contained the following spells:

 Spells                   Type           Power      Damage    Failure   Level
 Conjure Flame            Conj/Fire      20%        6-21      8%          3
 Dazzling Flash           Conj/Hex       40%        N/A       8%          3
 Slow                     Hex            16%        N/A       10%         1
 Scorch                   Fire           8%         2d5       14%         2
 Sublimation of Blood     Necr           4%         N/A       14%         2
 Flame Wave               Conj/Fire      20%        2d7       24%         4
 Irradiate                Conj/Tmut      16%        3d18      26%         5
 Frozen Ramparts          Ice            12%        1d3       28%         3
 Ice Form                 Ice/Tmut       24%        N/A       34%         4
 Petrify                  Tmut/Erth      16%        N/A       34%         4
 Summon Ice Beast         Ice/Summ       9%         N/A       58%         4
 Silence                  Hex/Air        5%         N/A       80%         5
 Agony                    Necr           4%         N/A       95%         5
 Metabolic Englaciation   Hex/Ice        3%         N/A       95%         5
 Statue Form              Tmut/Erth      10%        N/A       99%         6
 Summon Cactus Giant      Summ           4%         N/A       100%        6


Dungeon Overview and Level Annotations

Branches:
Dungeon (9/15)             Temple (1/1) D:6           Sewer (visited)
Ossuary (visited)
   Lair: D:8-11         Orc: D:9-12

Altars:
Gozag
Kikubaaqudgha
Okawaru
Ru
Trog
Wu Jian
Xom
Zin

Shops:
D:3 (   D:7 *((


Innate Abilities, Weirdness & Mutations

You cannot wear most types of armour.
You are amphibious.
You can wear up to eight rings at the same time.
Your skin changes colour to match your surroundings (Stealth+).
Your rubbery body absorbs attacks. (AC +1, EV +1)
((You are camouflaged when in or above water. (Stealth+)))
You have tentacles for arms and can constrict up to eight enemies at once.
You are partially covered in large bone plates. (SH +4)
Your muscles are strong. (Str +2)


Message History

You hit the orc priest but do no damage.
The orc priest is poisoned.
Your grab misses the orc priest. You squeeze the orc priest!
The orc priest is heavily wounded.
The orc priest barely misses you. x2
You hit the orc priest but do no damage.
The orc priest looks even sicker.
You grab the orc priest. You squeeze the orc priest.
You kill the orc priest!
The yak snorts and paws the ground.
You are confused.
You feel invigorated.
You bump into the rock wall.
The yak gores you!
* * * LOW HITPOINT WARNING * * *
You bump into the rock wall.
The yak misses you.
You bump into the rock wall.
You feel less invigorated.
You feel less confused. The yak gores you but does no damage.
You hit the yak.
The yak is lightly wounded.
The orc priest is distracted by your dazzling golden aura.
The yak gores you!
* * * LOW HITPOINT WARNING * * *
You hit the yak but do no damage.
The yak is poisoned.
The yak is lightly wounded.
You block the yak's attack.
The yak snorts and paws the ground.
You hit the yak.
The yak looks as sick as possible!
The yak is moderately wounded.
The yak is distracted by your dazzling golden aura.
You catch the helpless yak completely off-guard!
You puncture the yak!
The yak looks as sick as possible!
The yak is no longer distracted by gold.
You squeeze the yak.
The yak is severely wounded.
The orc priest is no longer distracted by gold.
The orc priest calls down the wrath of Beogh upon you.
Beogh smites you!
You die...
Your body crumbles into a pile of gold.

#.....##).........(.#...#
#########.....#.........#.#....
................)..........>...
#########.....#....#.......#...
###.#.##.#.#...........
#.#>##.#..(......##.#
#...##.#.............
######.#.......#.##..
#.@..#.......# #.# #Y#### ....
#.# ####Y# #.# #o$$o# #.#
#Y#### #.# #. #.# Y. #.# .o.
#.# .o.. . #.#


You could see 2 yaks and an orc priest.

Vanquished Creatures
  A boulder beetle (D:8)
  Pikel (D:4)
  A hornet (D:8)
  Sigmund (D:2)
  2 wraiths
  A yak (D:9)
  Eustachio (D:6)
  A steam dragon (D:8)
  Edmund (D:6)
  2 water moccasins
  3 black bears (D:6)
  An orc warrior (D:8)
  An ice beast (D:6)
  4 centaurs
  2 ogres
  A kobold brigand (D:7)
  5 bullfrogs
  A gnoll sergeant (D:8)
  3 scorpions
  A wight (D:9)
  4 killer bees (D:8)
  2 howler monkeys
  2 hounds
  A human zombie (Ossuary)
  4 jellies
  7 orc priests
  Natasha (thrice) (D:2)
  9 iguanas
  7 orc wizards
  3 mummies (Ossuary)
  9 gnolls
  9 adders
  A shadow imp (D:7)
  3 white imps
  4 ufetubi
  3 worms
  4 dart slugs
  32 orcs
  7 bats
  3 endoplasms (D:1)
  17 giant cockroaches
  2 gnoll zombies (Ossuary)
  2 hobgoblins
  9 quokkas
  10 ball pythons
  11 frilled lizards
  9 goblins
  6 goblin zombies (Ossuary)
  2 hobgoblin zombies (Ossuary)
  14 kobolds
  4 kobold zombies (Ossuary)
  4 rats
241 creatures vanquished.

Vanquished Creatures (collateral kills)
  An orc priest (D:6)
  An orc wizard (D:6)
2 creatures vanquished.

Vanquished Creatures (others)
  5 fungi (D:9)
  34 plants
39 creatures vanquished.

Grand Total: 282 creatures vanquished

Notes
Turn   | Place    | Note
-------+----------+-------------------------------------------
     0 | D:1      | bwicke the Octopode Hedge Wizard began the quest for the
                  | Orb.
     0 | D:1      | Reached XP level 1. HP: 11/11 MP: 4/4
   109 | D:1      | Found a faded altar of an unknown god.
   189 | D:1      | Reached XP level 2. HP: 13/17 MP: 3/6
   826 | D:1      | Reached XP level 3. HP: 16/21 MP: 7/7
  1209 | D:2      | Noticed Natasha
  1217 | D:2      | Killed Natasha
  1513 | D:2      | Noticed Sigmund
  1527 | D:2      | Learned a level 2 spell: Blink
  1530 | D:2      | Learned a level 2 spell: Call Imp
  1558 | D:2      | Killed Sigmund
  1559 | D:2      | Reached skill level 5 in Conjurations
  1559 | D:2      | Reached XP level 4. HP: 27/27 MP: 2/8
  1559 | D:2      | Reached XP level 5. HP: 31/31 MP: 2/9
  1629 | D:2      | Noticed Natasha
  1637 | D:2      | Killed Natasha
  1638 | D:2      | Reached XP level 6. HP: 36/36 MP: 4/10
  1954 | D:2      | Noticed Natasha
  1961 | D:2      | Killed Natasha
  2392 | D:3      | Found an iron altar of Okawaru.
  2577 | D:3      | Found Synli's Weapon Boutique.
  3240 | D:4      | Found a shimmering altar of Xom.
  3345 | D:4      | Reached skill level 1 in Poison Magic
  3505 | D:4      | Reached XP level 7. HP: 39/41 MP: 9/11
  3509 | D:4      | Learned a level 3 spell: Mephitic Cloud
  3539 | D:4      | Found a glowing drain.
  3571 | Sewer    | Entered a sewer
  3806 | Sewer    | Reached skill level 5 in Poison Magic
  3995 | D:4      | Noticed Pikel
  4008 | D:4      | Killed Pikel
  4009 | D:4      | Reached XP level 8. HP: 39/46 MP: 6/12
  4354 | D:5      | Entered Level 5 of the Dungeon
  4371 | D:5      | Reached skill level 1 in Air Magic
  5331 | D:6      | Reached skill level 4 in Stealth
  5331 | D:6      | Reached XP level 9. HP: 32/51 MP: 9/13
  5538 | D:6      | Reached skill level 5 in Stealth
  5563 | D:6      | Gained mutation: Your muscles are strong. (Str +2) [potion
                  | of mutation]
  5563 | D:6      | Gained mutation: You are partially covered in large bone
                  | plates. (SH +4) [potion of mutation]
  5668 | D:6      | Reached skill level 6 in Stealth
  5846 | D:6      | Found a glowing silver altar of Zin.
  5965 | D:6      | Noticed Eustachio
  5973 | D:6      | Killed Eustachio
  5974 | D:6      | Reached skill level 7 in Stealth
  5982 | D:6      | Reached skill level 8 in Stealth
  6379 | D:6      | Found a staircase to the Ecumenical Temple.
  6398 | Temple   | Entered the Ecumenical Temple
  6407 | Temple   | Became a worshipper of Gozag Ym Sagoz the Greedy
  6491 | D:6      | Reached skill level 9 in Stealth
  6795 | D:6      | Noticed Edmund
  6812 | D:6      | Killed Edmund
  6813 | D:6      | Reached skill level 10 in Stealth
  7108 | D:7      | Found Judey's Weapon Shop.
  7807 | D:7      | Found Lysal's General Store.
  7825 | D:7      | Bought a scroll of identify for 26 gold pieces
  7835 | D:7      | Found Wusunaj's Weapon Boutique.
  7974 | D:7      | Found a sacrificial altar of Ru.
  8408 | D:8      | Noticed a boulder beetle
  8430 | D:8      | Killed a boulder beetle
  8431 | D:8      | Reached XP level 10. HP: 28/56 MP: 2/14
  8932 | D:8      | Found a sand-covered staircase.
  8936 | Ossuary  | Entered an ossuary
 10638 | D:9      | Killed from afar by an orc priest

Illustrated notes

Levels and vault maps discovered:
D:1:      nzn_arrival_water_spiral, layout_basic, basic_ecumenical_altar
D:2:      layout_loops_corners, uniq_natasha, uniq_sigmund
D:3:      layout_basic, okawaru_altar_gauntlet_db, serial_shops, shop_statue
D:4:      layout_loops_ring, xom_butterflies, gup_sewer_entry_pipe,
          nicolae_elevator_lobby_asterisk, uniq_pikel
D:5:      layout_rooms, corexii_leaking_fountain
D:6:      layout_loops_ring, zin_treasury, minmay_temple_entry_gardened_gates,
          grunt_decor_junction, grunt_decor_mini_mirrors, nicolae_benzene_ring,
          wad_rectangle_vault, uniq_edmund, uniq_eustachio
D:7:      layout_rooms, general_overflow_altar, serial_shops,
          nicolae_lakefront_shop, nicolae_shop_advertising_works
          [nicolae_subvault_shop_adworks], nicolae_shop_bloodbath_and_beyond
D:8:      layout_basic, nicolae_ossuary_entry_plus
D:9:      cheibrodos_fzero, layout_basic, minmay_lair_entry_grove,
          hiddenorc2_lemuel, hellmonk_bongcloud_opening,
          introduction_to_nature_2, uniq_erica
Temple:   regret_index_temple_mists

Skill      XL: |  1  2  3  4  5  6  7  8  9 10 |
---------------+-------------------------------+-----
Conjurations   | 2 5 6 |  6.5
Poison Magic   | 3 8 |  8.5
Air Magic      | 3 |  3.0
Translocations | 3 |  3.5
Stealth        | 4 10 | 10.0
Dodging        | 6 8 |  8.0
Transmutations | 4 |  4.7
Spellcasting   | |  3.1
Summonings     | |  1.0

Action                   |  1- 3 |  4- 6 |  7- 9 | 10-12 || total
-------------------------+-------+-------+-------+-------++-------
Melee: Dagger            |    36 |    16 |       |    46 ||    98
       Constrict         |    10 |    21 |    71 |    29 ||   131
       Tentacles         |     5 |    22 |    71 |    46 ||   144
       Short sword       |       |    58 |   276 |    91 ||   425
       Punch             |       |       |     8 |     2 ||    10
       Flail             |       |       |       |    21 ||    21
 Cast: Magic Dart        |    29 |    32 |    65 |    13 ||   139
       Call Imp          |     1 |     2 |     8 |       ||    11
       Mephitic Cloud    |       |       |    21 |    10 ||    31
       Blink             |       |       |     1 |     1 ||     2
  Use: Scroll            |       |     2 |     4 |     4 ||    10
       Potion            |       |       |     2 |     3 ||     5
 Stab: Sleeping          |     9 |     7 |     7 |     8 ||    31
       Confused          |       |       |    12 |    10 ||    22
       Distracted        |       |       |     2 |     2 ||     4
Armor: Skin              |     3 |     8 |    52 |    20 ||    83
Dodge: Dodged            |    25 |    38 |   161 |   143 ||   367
Block: Other             |       |       |    21 |    35 ||    56

Table legend: (Time is in decaauts)
 A = Elapsed time spent in this place.
 B = Non-inter-level travel time spent in this place.
 C = Inter-level travel time spent in this place.
 D = Time resting spent in this place.
 E = Time spent auto-exploring this place.
 F = Levels seen in this place.
 G = Mean time per level.
                   A        B        C        D        E       F      G
               +--------+--------+--------+--------+--------+-----+--------+
         Total |  10693 |  10455 |    238 |   1365 |   5610 |  12 |  891.1 |
       Dungeon |   9772 |   9534 |    238 |   1143 |   5535 |   9 | 1085.8 |
        Temple |     17 |     17 |      0 |      0 |      0 |   1 |   17.0 |
         Sewer |    310 |    310 |      0 |     53 |      0 |   1 |  310.0 |
       Ossuary |    592 |    592 |      0 |    169 |     75 |   1 |  592.0 |
               +--------+--------+--------+--------+--------+-----+--------+

Top non-repeatable levels by time:
     D:8: 1378 daAuts
     D:7: 1337 daAuts
     D:6: 1333 daAuts
     D:1: 1203 daAuts
     D:2: 1148 daAuts
     D:5: 1067 daAuts
     D:4: 1049 daAuts
     D:3: 898 daAuts
 Ossuary: 592 daAuts
     D:9: 356 daAuts
   Sewer: 310 daAuts
  Temple: 17 daAuts
